 Dungeon Crawl Stone Soup version 0.28.0-45-g0d030f2227 (webtiles) character file.

Game seed: 4749703296681676109

3113 issech the Cudgeller (level 9, -3/79 HPs)
             Began as a Troll Monk on Apr 17, 2022.
             Was a Believer of Hepliaklqana.
             Slain by a wolf (8 damage)
             ... led by Grum
             ... on level 8 of the Dungeon.
             The game lasted 00:28:48 (7714 turns).

issech the Cudgeller (Troll Monk)                   Turns: 7714, Time: 00:28:49

Health: -3/79      AC:  6    Str: 21    XL:     9   Next: 60%
Magic:  8/8        EV: 12    Int:  6    God:    Hepliaklqana [**....]
Gold:   504        SH:  0    Dex: 16    Spells: 8/8 levels left

rFire   . . .      SeeInvis +   l - +0 mace (protect)
rCold   + . .      Faith    .   (no shield)
rNeg    . . .      Spirit   .   X - +2 robe {rC+}
rPois   +          Reflect  .   (helmet restricted)
rElec   .          Harm     .   (no cloak)
rCorr   .          Rampage  .   (gloves unavailable)
Will    .....                   (boots unavailable)
Stlth   ++........              (no amulet)
HPRegen 1.03/turn               q - ring of see invisible
MPRegen 0.11/turn               U - ring of poison resistance

@: studying Maces & Flails
A: reduced essence, large, unfitting armour, claws 3, regeneration 1, shaggy fur
1, tough skin 1
a: Renounce Religion, Recall Ancestor, Ancestor Identity


You were on level 8 of the Dungeon.
You worshipped Hepliaklqana.
Hepliaklqana was pleased with you.
You visited 2 branches of the dungeon, and saw 10 of its levels.

You collected 504 gold pieces.

Inventory:

Hand Weapons
 d - a +1 mace of pain
 l - a +0 mace of protection (weapon)
 J - a +1 halberd
 L - a +0 long sword
 S - a +0 longbow
 Y - a +3 dagger of chaos
Missiles
 e - 268 stones
 f - 189 arrows
 m - 9 atropa-tipped darts
 r - 10 boomerangs (quivered)
 z - 3 curare-tipped darts
 A - 22 poisoned darts
 R - 52 bolts
 Z - a throwing net
Armour
 b - an orb of mayhem
 p - a scarf of harm
 K - an orb of energy
 X - a +2 robe of cold resistance (worn)
Magical Staves
 H - a staff of poison
 P - a staff of fire
 W - a staff of air
Jewellery
 q - a ring of see invisible (left claw)
 U - a ring of poison resistance (right claw)
Wands
 B - a wand of acid (8)
 D - a wand of iceblast (16)
 M - a wand of paralysis (10)
 T - a wand of digging (2)
Scrolls
 c - 2 scrolls of fear
 g - 3 scrolls of teleportation
 h - a scroll of silence {unknown}
 k - 2 scrolls of amnesia
 u - a scroll of enchant weapon {unknown}
 w - 2 scrolls of blinking
 y - 2 scrolls of brand weapon
 F - a scroll of noise {unknown}
 I - a scroll of magic mapping {unknown}
 Q - a scroll of torment {unknown}
 V - a scroll of holy word {unknown}
Potions
 a - 4 potions of magic {unknown}
 i - 2 potions of haste {unknown}
 j - 2 potions of ambrosia {unknown}
 n - a potion of mutation {unknown}
 o - 2 potions of degeneration {unknown}
 s - a potion of heal wounds {unknown}
 t - a potion of berserk rage {unknown}
 x - 4 potions of flight {unknown}
 E - 2 potions of might {unknown}
 G - a potion of brilliance {unknown}
 N - 4 potions of curing {unknown}
 O - a potion of cancellation {unknown}


   Skills:
 + Level 5.3 Fighting
 + Level 2.0 Long Blades
 + Level 7.8 Maces & Flails
 + Level 3.9 Throwing
 + Level 6.2 Dodging
 + Level 2.4 Stealth


You had 8 spell levels left.
You didn't know any spells.
Your spell library contained the following spells:

 Spells                   Type           Power      Damage    Failure   Level
 Magic Dart               Conj           0%         1d3       45%         1
 Pain                     Necr           0%         1d4       45%         1
 Summon Small Mammal      Summ           0%         N/A       45%         1
 Searing Ray              Conj           0%         2d4       58%         2
 Call Canine Familiar     Summ           0%         N/A       83%         3
 Ignite Poison            Fire/Tmut/Pois 0%         N/A       83%         3
 Mephitic Cloud           Conj/Pois/Air  0%         N/A       83%         3
 Summon Guardian Golem    Hex/Summ       0%         N/A       83%         3
 Fulminant Prism          Conj/Hex       0%         3d6       99%         4
 Agony                    Necr           0%         N/A       100%        5
 Excruciating Wounds      Necr           0%         N/A       100%        5
 Freezing Cloud           Conj/Ice/Air   0%         6-21      100%        5


Dungeon Overview and Level Annotations

Branches:
Dungeon (9/15)             Temple (1/1) D:7            Lair (0/6) D:9
    Orc: D:9-12

Altars:
Ashenzari
Cheibriados
Dithmenos
Elyvilon
Fedhas
Gozag
Hepliaklqana
Kikubaaqudgha
Makhleb
Nemelex Xobeh
Okawaru
Qazlal
Ru
Sif Muna
Trog
Uskayaw
Vehumet
Wu Jian
Xom
Yredelemnul
Zin
The Shining One

Shops:
D:1 (   D:3 !*   D:6 [

Annotations:
D:9 Grum


Innate Abilities, Weirdness & Mutations

Your life essence is reduced to manifest your ancestor. (-10% HP)
You are too large for most types of armour.
You have claws for hands.
Your natural rate of healing is unusually fast.
You are covered in fur. (AC +1)
You have tough skin. (AC +1)


Message History

Thabo is destroyed!
The wolf howls!
You hit the wolf but do no damage. Your claw misses the wolf.
The wolf is heavily wounded.
The wolf bites you but does no damage. x2; The wolf barely misses you.
You hit the wolf.
The wolf is heavily wounded.
The wolf bites you but does no damage. The wolf misses you.
Grum hits you from afar with a -2 spear.
The wolf closely misses you.
You closely miss the wolf.
The wolf is heavily wounded.
The wolf bites you but does no damage. The wolf misses you.
Grum hits you from afar with a -2 spear!
The wolf bites you but does no damage. The wolf bites you.
The water moccasin barely misses you.
You can't go down here!
The wolf bites you but does no damage. x2; Grum hits you but does no damage.
The water moccasin bites you but does no damage.
The wolf bites you. The wolf bites you but does no damage.
You climb upwards.
There is a stone staircase leading down here.
The wolf bites you. The wolf bites you! The water moccasin misses you.
The water moccasin barely misses you. The wolf bites you.
The water moccasin bites you but does no damage.
The wolf barely misses you. The wolf barely misses you.
The water moccasin bites you.
* * * LOW HITPOINT WARNING * * *
The wolf bites you.
* * * LOW HITPOINT WARNING * * *
The wolf bites you but does no damage.
The wolf barely misses you. x2; The wolf bites you!
* * * LOW HITPOINT WARNING * * *
The wolf bites you!
* * * LOW HITPOINT WARNING * * *
The wolf bites you.
* * * LOW HITPOINT WARNING * * *
The wolf bites you!
You die...

##.>.....................
#.......###.#############
#.......# #.# #....#
#......## #.# #....#
#......####.####....#
#####...........#.......#####
#...........#####.......#....
#........[.h#####....####....
#.........Sh@..##....# #....
#..........###.##....# #....
#......##### #.##....# #####
#......# #.......# #....).#
####....### #......#
###.......# #......#
#....÷....#
##############.#..÷....#
#.......#.#.......#


You could see a water moccasin and 2 wolves.

Vanquished Creatures
  Grinder (D:3)
  3 water moccasins
  An ice beast (D:6)
  A necrophage (D:4)
  A centaur (D:7)
  3 kobold brigands
  2 bullfrogs
  A water moccasin skeleton (D:5)
  5 wights
  A howler monkey (D:5)
  A centaur zombie (D:5)
  A hound (D:3)
  3 jellies
  2 orc priests (D:5)
  2 gnoll shamans
  Natasha (thrice) (D:2 D:1)
  A bullfrog skeleton (D:6)
  A centaur skeleton (D:7)
  Jessica (D:2)
  3 iguanas
  2 orc wizards
  2 killer bee zombies (D:7)
  A hound zombie (D:5)
  2 hound skeletons
  7 gnolls
  A howler monkey skeleton (D:5)
  4 adders
  4 worms
  2 dart slugs (D:2)
  11 orcs
  6 endoplasms
  4 giant cockroaches
  8 goblins
  10 hobgoblins
  5 jackals
  4 quokkas
  6 ball pythons
  4 bats
  3 frilled lizards (D:2)
  14 kobolds
  11 rats
148 creatures vanquished.

Vanquished Creatures (collateral kills)
  Psyche (D:8)
  A water moccasin (D:9)
  An orc warrior (D:8)
  A wolf (D:9)
  A kobold brigand (D:8)
  3 howler monkeys (D:8)
  3 orc wizards (D:8)
  A killer bee zombie (D:8)
  4 gnolls (D:8)
  An orc (D:8)
  3 kobolds (D:8)
20 creatures vanquished.

Vanquished Creatures (others)
  A battlemage (D:9)
  15 fungi (D:9)
  17 plants (D:9)
33 creatures vanquished.

Grand Total: 201 creatures vanquished

Notes
Turn   | Place    | Note
-------+----------+-------------------------------------------
     0 | D:1      | issech the Troll Monk began the quest for the Orb.
     0 | D:1      | Reached XP level 1. HP: 22/22 MP: 0/0
    19 | D:1      | You fall into a shaft and drop 1 floor!
    53 | D:2      | Found a faded altar of an unknown god.
    81 | D:2      | Reached XP level 2. HP: 29/29 MP: 1/1
   196 | D:1      | Reached skill level 3 in Maces & Flails
   409 | D:1      | Reached XP level 3. HP: 36/36 MP: 2/2
   576 | D:1      | Found Xarol's Weapon Boutique.
   705 | D:2      | Noticed Natasha
   721 | D:2      | Killed Natasha
   722 | D:2      | Reached skill level 1 in Long Blades
   723 | D:2      | Noticed Natasha
   732 | D:2      | Killed Natasha
   733 | D:2      | Reached XP level 4. HP: 32/45 MP: 3/3
   895 | D:2      | Noticed Natasha
   961 | D:1      | Killed Natasha
  1423 | D:2      | Noticed Jessica
  1432 | D:2      | Killed Jessica
  1433 | D:2      | Reached XP level 5. HP: 25/53 MP: 4/4
  2129 | D:3      | Noticed Grinder
  2130 | D:3      | Found Liammai's Distillery.
  2190 | D:3      | Paralysed by Grinder for 6 turns
  2243 | D:3      | Paralysed by Grinder for 7 turns
  2261 | D:3      | Killed Grinder
  2262 | D:3      | Reached skill level 4 in Maces & Flails
  2262 | D:3      | Reached XP level 6. HP: 7/61 MP: 5/5
  2381 | D:3      | Found Irauwos's General Store.
  2695 | D:3      | Reached skill level 1 in Throwing
  2916 | D:4      | Reached XP level 7. HP: 59/68 MP: 6/6
  3666 | D:5      | Entered Level 5 of the Dungeon
  4014 | D:5      | Reached skill level 5 in Maces & Flails
  4706 | D:5      | Reached XP level 8. HP: 63/71 MP: 7/7
  5041 | D:6      | Reached skill level 6 in Maces & Flails
  5087 | D:6      | Found Maerrifocs's Antique Armour Emporium.
  5100 | D:6      | HP: 3/65 [acid (8)]
  5170 | D:6      | Found a shimmering blue altar of Sif Muna.
  5636 | D:6      | Reached skill level 5 in Dodging
  6556 | D:7      | Found a staircase to the Ecumenical Temple.
  6565 | Temple   | Entered the Ecumenical Temple
  6571 | Temple   | Became a worshipper of Hepliaklqana the Forgotten
  6571 | Temple   | Reached * piety under Hepliaklqana
  6571 | Temple   | Reached ** piety under Hepliaklqana
  6574 | Temple   | Remembered your ancestor Thabo as a battlemage
  6810 | D:8      | Reached XP level 9. HP: 78/78 MP: 8/8
  6884 | D:8      | Noticed Psyche
  6888 | D:8      | Killed Psyche
  6889 | D:8      | Reached skill level 5 in Fighting
  6889 | D:8      | Reached skill level 7 in Maces & Flails
  7469 | D:8      | Identified a scroll of acquirement
  7569 | D:8      | Acquired a manual of Maces & Flails
  7679 | D:9      | Found a staircase to the Lair.
  7680 | D:9      | Noticed Grum
  7714 | D:8      | Slain by a wolf

Illustrated notes

Levels and vault maps discovered:
D:1:      dpeg_arrival_line_fractal, layout_basic, serial_shops,
          nicolae_shop_bloodbath_and_beyond, minmay_misc_feat_doors
D:2:      layout_basic, hellmonk_ecumenical_altar_arch_garden, nrook_campfire,
          uniq_jessica, uniq_natasha
D:3:      wad_river_or_something, layout_basic, serial_shops,
          nicolae_shop_waterfront, nicolae_shop_hallway_stairs,
          hangedman_feature_mirror, nrook_mini_vaults,
          chequers_serial_rivers_micro_e, minmay_pentangle, uniq_grinder
D:4:      layout_basic
D:5:      layout_gridville
D:6:      layout_basic, overflow_temple_1_default, serial_shops, shop,
          minmay_misc_feat_plants, nrook_pool_corridor, st_stairs_6
D:7:      layout_gridville, lemuel_temple_firewalk_b
D:8:      layout_basic, uniq_psyche
D:9:      layout_rooms, due_lair_maze_entry_diamond, gammafunk_ghost_smash,
          uniq_gastronok, uniq_grum, uniq_pikel
Temple:   dpeg_three_leaves_temple

Skill      XL: |  1  2  3  4  5  6  7  8  9 |
---------------+----------------------------+-----
Maces & Flails | 3 4 5 6 7 |  7.8
Long Blades    | 1 2 |  2.0
Fighting       | 3 4 5 |  5.3
Dodging        | 3 4 5 6 |  6.2
Throwing       | 1 2 3 |  3.9
Stealth        | 2 |  2.4

Action                   |  1- 3 |  4- 6 |  7- 9 || total
-------------------------+-------+-------+-------++-------
Melee: Long sword        |    90 |     6 |       ||    96
       Mace              |       |   228 |   420 ||   648
       Punch             |       |     7 |     5 ||    12
Throw: Stone             |       |     7 |       ||     7
       Boomerang         |       |    17 |    53 ||    70
Invok: Ancestor Life: Ba |       |       |     1 ||     1
  Use: Scroll            |       |       |     9 ||     9
 Stab: Sleeping          |     1 |     4 |     3 ||     8
       Distracted        |       |       |     1 ||     1
Armor: Robe              |    48 |   144 |   223 ||   415
Dodge: Dodged            |    78 |   216 |   291 ||   585
